 Dungeon Crawl Stone Soup version 0.25.1-1-g288607f5aa (webtiles) character file.

Game seed: 1299618427230762872

4547 Asdor the Spear-Bearer (level 10, -2/79 HPs)
             Began as a Demonspawn Abyssal Knight on July 23, 2020.
             Was a Priest of Lugonu.
             Splashed by a brown ugly thing's acid (7 damage)
             ... on level 9 of the Dungeon.
             The game lasted 00:38:41 (13064 turns).

Asdor the Spear-Bearer (Demonspawn Abyssal Knight) Turns: 13064, Time: 00:38:42

Health: -2/79      AC: -1    Str: 17    XL:     10   Next: 17%
Magic:  13/13      EV: 15    Int: 16    God:    Lugonu [***...]
Gold:   126        SH:  0    Dex: 14    Spells: 9/9 levels left

rFire    + . .     SeeInvis .   q - +2 halberd
rCold    . . .     Gourm    .   (shield currently unavailable)
rNeg     + . .     Faith    .   x - +0 leather armour of Amelioration {Str+3} (curse)
rPois    +         Spirit   .   (helmet restricted)
rElec    .         Reflect  .   (no cloak)
rCorr    .         Harm     .   (no gloves)
MR       .....                  (no boots)
Stlth    ++........             (no amulet)
HPRegen  0.23/turn              k - ring of positive energy
MPRegen  0.13/turn              u - ring of poison resistance

@: confused, corroded
A: claws 1, horns 1, icy blue scales 2, blurry vision 1, clever 1, fire
resistance 1, foul stench 1, low mp 1, nightstalker 1, evolution 1, rot immunity
a: Depart the Abyss, Bend Space, Banish, Renounce Religion


You were on level 9 of the Dungeon.
You worshipped Lugonu.
Lugonu was most pleased with you.
You were not hungry.

You visited 1 branch of the dungeon, and saw 9 of its levels.
You visited the Abyss 1 time.

You collected 451 gold pieces.
You spent 325 gold pieces at shops.

Inventory:

Hand Weapons
 a - a +1 spear
 q - a +2 halberd (weapon)
Armour
 i - a +2 chain mail of fire resistance
 j - the +1 leather armour of Joxit {rC++}
   (You found it on level 4 of the Dungeon)

   It greatly protects you from cold.
 x - the cursed +0 leather armour of Amelioration (worn) {Str+3}
   (You bought it in a shop on level 8 of the Dungeon)

   It affects your strength (+3).
   It has a curse placed upon it.
Magical Staves
 t - an uncursed staff of fire
Jewellery
 d - an uncursed ring of fire
 k - a ring of positive energy (left claw)
 u - a ring of poison resistance (right claw)
Wands
 h - a wand of iceblast (6)
 p - a wand of enslavement (2)
Scrolls
 b - a scroll of enchant armour
 f - a scroll of immolation
 l - 3 scrolls of teleportation
 n - a scroll of identify
 o - 3 scrolls of amnesia
 r - 3 scrolls of remove curse
 y - a scroll of fear
Potions
 e - 2 potions of flight
 g - a potion of brilliance
 m - a potion of lignification
 s - a potion of magic
 v - a potion of curing
 A - a potion of berserk rage {unknown}
Miscellaneous
 w - a box of beasts
Comestibles
 c - 12 rations
 B - 10 chunks of flesh


   Skills:
 + Level 7.2 Fighting
 * Level 9.0 Polearms
 - Level 4.2 Armour
 + Level 6.1 Dodging
 + Level 7.0 Invocations


You had 9 spell levels left.
You didn't know any spells.
Your spell library contained the following spells:

 Spells                   Type           Power        Failure   Level  Hunger
 Apportation              Tloc           #.....       30%         1    ##.....
 Summon Butterflies       Summ           #.......     30%         1    ##.....
 Poisonous Vapours        Pois/Air       #.....       41%         2    ###....
 Ignite Poison            Fire/Tmut/Pois #.......     65%         3    ####...
 Lesser Beckoning         Tloc           #.........   65%         3    ####...
 Ozocubu's Armour         Chrm/Ice       #.......     65%         3    ####...
 Tukima's Dance           Hex            #.......     65%         3    ####...
 Alistair's Intoxication  Tmut/Pois      #.......     100%        5    ######.
 Bolt of Magma            Conj/Fire/Erth #.........   100%        5    ######.
 Iskenderun's Battlesphe  Conj/Chrm      #.......     100%        5    ######.
 Invisibility             Hex            #.......     100%        6    #######
 Iron Shot                Conj/Erth      #.........   100%        6    #######
 Simulacrum               Ice/Necr       #.........   100%        6    #######
 Orb of Destruction       Conj           #.........   100%        7    #######
 Spellforged Servitor     Conj/Summ      #.........   100%        7    #######


Dungeon Overview and Level Annotations

Branches:
Dungeon (9/15)             Temple (0/1) D:6
   Lair: D:8-11         Orc: D:9-12

Altars:
Ashenzari
Cheibriados
Elyvilon
Fedhas
Gozag
Hepliaklqana
Makhleb
Qazlal
Sif Muna
Trog
Zin

Shops:
D:7 !   D:8 [?


Innate Abilities, Weirdness & Mutations

You have sharp fingernails.
You are mostly covered in icy blue scales. (AC +3)
You may emit foul miasma when damaged in melee.
You are slightly more attuned to the shadows.
You are immune to rotting.
You have a pair of small horns on your head.
Scrolls take you a little longer to read.
Your mind is acute. (Int +2)
Your flesh is heat resistant. (rF+)
Your magical capacity is low. (-10% MP)
You evolve.


Message History

The brown ugly thing barely misses you.
Press: ? - help, Shift-Dir - straight line, f/p - brown ugly thing
Aim: a brown ugly thing (heavily wounded, sick, chance to defeat MR: 71%)
You fail to use your ability.
The brown ugly thing tail-slaps you.
You are splashed with acid!
The brown ugly thing tail-slaps you. The acid corrodes you!
You are splashed with acid.
The brown ugly thing tail-slaps you!
* * * LOW HITPOINT WARNING * * *
You are splashed with acid!
* * * LOW HITPOINT WARNING * * *
Really read with blurry vision while enemies are nearby? [Y]es or [N]o only, please.
Really read with blurry vision while enemies are nearby?
Okay, then.
You are confused.
You feel invigorated. The brown ugly thing tail-slaps you!
* * * LOW HITPOINT WARNING * * *
The acid corrodes you!
You are splashed with acid!
You die...

................#..........##
................#............
................#######......
................#.รท..........
............[...#............
...(............#............
...>...........#............
............[..#............
...........@...#............
..........u...[#######......
...............#............
...............#............
...............#............
#.....####################.
#...........# .......
#.#####.....# ....... #
#.....# .......


You could see a brown ugly thing (sick).

Vanquished Creatures
  Pikel (D:5)
  A troll (D:9)
  A hippogriff (D:7)
  3 yaks
  3 centaurs
  A water moccasin (D:9)
  2 orc warriors
  An ice beast (D:8)
  2 black bears
  3 ogres
  3 phantoms
  A big kobold (D:9)
  2 bullfrogs
  A scorpion (D:8)
  9 killer bees (D:7)
  2 howler monkeys (D:7)
  4 crimson imps
  A centaur zombie (D:6)
  6 hounds
  A gnoll shaman (D:4)
  2 orc priests (D:5)
  A bullfrog skeleton (D:5)
  5 orc wizards
  4 iguanas
  5 worker ants
  2 hound skeletons (D:4)
  A worker ant zombie (D:6)
  7 gnolls
  A river rat (D:6)
  8 adders
  4 shadow imps
  An ooze (D:2)
  2 adder skeletons
  2 worms (D:2)
  A dart slug (D:3)
  5 leopard geckos
  17 orcs
  2 ball pythons (D:3)
  8 bats
  5 giant cockroaches
  6 goblins
  5 hobgoblins
  2 jackals (D:3)
  14 kobolds
  4 quokkas
  6 frilled lizards
  A leopard gecko zombie (D:7)
  A quokka skeleton (D:6)
  12 rats
182 creatures vanquished.

Vanquished Creatures (collateral kills)
  An ice beast (D:5)
  A sky beast (D:6)
  2 orc priests (D:6)
  An adder (D:5)
  A worm (D:6)
  2 orcs (D:6)
  A rat (D:6)
9 creatures vanquished.

Vanquished Creatures (others)
  Eustachio (D:5)
  A slave (D:5)
  A bullfrog skeleton (D:5)
  An orc (D:5)
  A giant cockroach (D:5)
5 creatures vanquished.

Grand Total: 196 creatures vanquished

Notes
Turn   | Place    | Note
-------+----------+-------------------------------------------
     0 | Abyss:1  | Asdor the Demonspawn Abyssal Knight began the quest for the
                  | Orb.
     0 | Abyss:1  | Reached XP level 1. HP: 18/18 MP: 2/2
    31 | Abyss:1  | Noticed a thrashing horror
    61 | Abyss:1  | Noticed a neqoxec
    90 | Abyss:1  | Noticed a small abomination
    99 | D:1      | Escaped the Abyss
   201 | D:1      | Reached skill level 1 in Dodging
   275 | D:1      | Reached skill level 2 in Polearms
   293 | D:1      | Reached * piety under Lugonu
   431 | D:1      | Gained mutation: You are immune to rotting. [demonic
                  | ancestry]
   431 | D:1      | Reached XP level 2. HP: 24/24 MP: 3/3
  1453 | D:2      | Gained mutation: You have sharp fingernails. [demonic
                  | ancestry]
  1453 | D:2      | Reached XP level 3. HP: 20/29 MP: 4/4
  1585 | D:2      | Found a burning altar of Makhleb.
  1981 | D:2      | HP: 1/29 [adder (2)]
  2243 | D:2      | Reached XP level 4. HP: 21/35 MP: 5/5
  2931 | D:3      | Reached skill level 3 in Polearms
  2965 | D:3      | Reached ** piety under Lugonu
  3297 | D:3      | Found a stormy altar of Qazlal.
  3459 | D:3      | Gained mutation: You are partially covered in icy blue
                  | scales. (AC +2) [demonic ancestry]
  3459 | D:3      | Reached XP level 5. HP: 36/41 MP: 6/6
  3764 | D:4      | Noticed a phantom
  3766 | D:4      | Got a spiked leather armour
  3812 | D:3      | Killed a phantom
  4072 | D:3      | Identified the cursed +1 leather armour of Joxit {rC++}
                  | (You found it on level 4 of the Dungeon)
  4087 | D:4      | Reached XP level 6. HP: 47/48 MP: 7/7
  4122 | D:4      | Reached skill level 4 in Polearms
  4841 | D:4      | Gained mutation: Scrolls take you a little longer to read.
                  | [potion of mutation]
  4841 | D:4      | Gained mutation: Your flesh is heat resistant. (rF+)
                  | [potion of mutation]
  4841 | D:4      | Gained mutation: You have a pair of small horns on your
                  | head. [potion of mutation]
  4841 | D:4      | Gained mutation: You evolve. [potion of mutation]
  5004 | D:4      | Gained mutation: You are mostly covered in icy blue scales.
                  | (AC +3) [demonic ancestry]
  5004 | D:4      | Reached XP level 7. HP: 46/55 MP: 8/8
  5004 | D:4      | Gained mutation: Your mind is acute. (Int +2) [evolution]
  5175 | D:4      | Identified Ruuf's Guide on Freezing Contamination
  5420 | D:4      | Found a glowing silver altar of Zin.
  5424 | D:4      | Found an opulent altar of Gozag.
  5424 | D:4      | Found a blossoming altar of Fedhas.
  5426 | D:4      | Found a snail-covered altar of Cheibriados.
  5782 | D:5      | Entered Level 5 of the Dungeon
  5850 | D:5      | Reached skill level 5 in Polearms
  6091 | D:5      | Noticed Pikel
  6138 | D:5      | Killed Pikel
  6138 | D:5      | Reached skill level 5 in Fighting
  6138 | D:5      | Reached XP level 8. HP: 26/62 MP: 9/9
  6319 | D:5      | Noticed Eustachio
  6327 | D:5      | Killed Eustachio
  6388 | D:5      | Reached skill level 6 in Polearms
  6483 | D:5      | Reached *** piety under Lugonu
  6948 | D:5      | Found a white marble altar of Elyvilon.
  7803 | D:6      | Found a staircase to the Ecumenical Temple.
  7959 | D:6      | Reached skill level 7 in Polearms
  8412 | D:6      | Found a bloodstained altar of Trog.
  8450 | D:6      | Found a shimmering blue altar of Sif Muna.
  8513 | D:7      | Gained mutation: You are slightly more attuned to the
                  | shadows. [demonic ancestry]
  8513 | D:7      | Reached XP level 9. HP: 31/69 MP: 12/12
  8870 | D:7      | Found Cijiv's Distillery.
  8878 | D:7      | Bought a potion of curing for 39 gold pieces
  8878 | D:7      | Bought a potion of heal wounds for 65 gold pieces
  8878 | D:7      | Bought a potion of curing for 39 gold pieces
  9399 | D:7      | Reached skill level 5 in Invocations
  9404 | D:7      | Reached skill level 5 in Dodging
  9885 | D:7      | Found a shattered altar of Ashenzari.
 10695 | D:8      | Found Duashreic's Antique Armour Emporium.
 10698 | D:8      | Bought a jewelled leather armour for 182 gold pieces
 10708 | D:8      | Identified the cursed +0 leather armour of Amelioration
                  | {Str+3} (You bought it in a shop on level 8 of the Dungeon)
 10769 | D:8      | Found Nigangau's Magic Scroll Shop.
 10787 | D:8      | Reached skill level 8 in Polearms
 11808 | D:9      | Found a hazy altar of Hepliaklqana.
 12081 | D:8      | Gained mutation: Your magical capacity is low. (-10% MP)
                  | [evolution]
 12213 | D:9      | Gained mutation: You may emit foul miasma when damaged in
                  | melee. [demonic ancestry]
 12213 | D:9      | Reached XP level 10. HP: 50/79 MP: 13/13
 12898 | D:9      | Reached skill level 9 in Polearms
 13043 | D:9      | Noticed a brown ugly thing
 13064 | D:9      | Splashed by a brown ugly thing's acid

Illustrated notes

Levels and vault maps discovered:
D:1:      lemuel_arrival_behind_the_door_large, layout_loops_ring
D:2:      layout_loops_ring, lemuel_round_altar, serial_forest,
          infiniplex_forest_clump_tiny, infiniplex_forest_corner_1,
          infiniplex_forest_lined_3, infiniplex_forest_clump_diagonal,
          infiniplex_forest_straight_3, infiniplex_forest_end_3,
          infiniplex_forest_clump_diagonal
D:3:      layout_rooms, grunt_qazlal_sundering, first_ration
D:4:      minmay_spotlight, layout_basic, minitemple
D:5:      layout_rooms, kennysheep_little_box, uniq_eustachio, uniq_pikel
D:6:      layout_basic, lemuel_blue_sif_altar, lightli_temple_of_fire,
          minmay_temple_entry_overgrown, lightli_sewer_entry_pipes
D:7:      layout_loops_ring, marbit_many_paths, serial_shops,
          nicolae_shop_behind_doors, minmay_checkerbox
D:8:      layout_basic, serial_shops, kennysheep_mini,
          nicolae_shop_behind_doors, grunt_ministairs_7
D:9:      layout_grid_maze, kennysheep_mini_moat, old_standard_altar, the_bakery

Skill      XL: |  1  2  3  4  5  6  7  8  9 10 |
---------------+-------------------------------+-----
Dodging        | 1 2 3 4 5 6 |  6.1
Polearms       | 2 3 4 5 7 8 9 |  9.0
Armour         | 2 3 4 |  4.2
Fighting       | 4 5 6 7 |  7.2
Invocations    | 4 6 7 |  7.0

Action                   |  1- 3 |  4- 6 |  7- 9 | 10-12 || total
-------------------------+-------+-------+-------+-------++-------
Melee: Spear             |   153 |   292 |   490 |       ||   935
       Headbutt          |       |     1 |    92 |     6 ||    99
       Halberd           |       |       |   136 |    70 ||   206
Invok: Depart the Abyss  |     1 |       |       |       ||     1
Evoke: Wand              |       |     1 |     4 |       ||     5
  Use: Scroll            |     3 |     4 |    11 |       ||    18
       Potion            |     4 |     3 |    10 |     1 ||    18
 Stab: Sleeping          |       |     1 |     2 |     2 ||     5
  Eat: Ration            |     1 |       |     5 |       ||     6
       Chunk             |       |    10 |     6 |     3 ||    19
Armor: Leather armour    |    34 |    64 |   138 |    11 ||   247
       Skin              |     5 |       |    38 |       ||    43
Dodge: Dodged            |    83 |   144 |   389 |    43 ||   659
